 Dungeon Crawl Stone Soup version 0.26-a0-949-ga0cc1ef5f6 (webtiles) character file.

Game seed: 17203059904476506545

1253 sahdkjhfkaj the Destroyer (level 8, -8/61 HPs)
             Began as a Tengu Conjurer on Nov 28, 2020.
             Was an Initiate of Cheibriados.
             Blown up by an orc warrior (22 damage)
             ... with a disintegration bolt
             ... on level 6 of the Dungeon.
             The game lasted 00:09:44 (6544 turns).

sahdkjhfkaj the Destroyer (Tengu Conjurer)          Turns: 6544, Time: 00:09:45

Health: -8/61      AC: 24    Str:  8    XL:     8   Next: 51%
Magic:  0/16       EV:  2    Int: 22    God:    Cheibriados [......]
Gold:   250        SH:  0    Dex: 14    Spells: 10/17 levels left

rFire    . . .     SeeInvis .   (no weapon)
rCold    . . .     Faith    .   (no shield)
rNeg     + + +     Spirit   .   (armour currently unavailable)
rPois    +         Reflect  .   (helmet currently unavailable)
rElec    .         Harm     .   (cloak currently unavailable)
rCorr    .         Rampage  .   (gloves currently unavailable)
MR       .....     NoTele   +   (boots unavailable)
Stlth    ++........             (no amulet)
HPRegen  0.20/turn              (no ring)
MPRegen  0.15/turn              (no ring)

@: tree-form, very slightly contaminated, very slow
A: able to fly
a: Fly, Bend Time, Renounce Religion


You were on level 6 of the Dungeon.
You worshipped Cheibriados.
Cheibriados was noncommittal.
You were a tree.
You visited 2 branches of the dungeon, and saw 7 of its levels.

You collected 250 gold pieces.

Inventory:

Armour
 a - a +0 robe (melded)
Jewellery
 h - a +4 ring of evasion {unknown}
 x - an uncursed ring of see invisible {unknown}
 y - an uncursed amulet of regeneration {unknown}
Wands
 f - a wand of random effects (14)
 q - a wand of polymorph (5)
 A - a wand of disintegration (27)
Scrolls
 b - a scroll of blinking {!r}
 i - 3 scrolls of remove curse {!r}
 j - 2 scrolls of magic mapping {!r}
 l - a scroll of fog {!r}
 p - a scroll of amnesia {!r}
 w - a scroll of enchant weapon {!r}
Potions
 c - 2 potions of haste {!q}
 e - a potion of attraction {!q}
 g - a potion of resistance {!q}
 k - 2 potions of mutation {!q}
 m - 2 potions of berserk rage {!q, unknown}
 n - 2 potions of lignification {!q}
 o - 2 potions of heal wounds {!q, unknown}
 r - a potion of magic {!q, unknown}
 s - 2 potions of degeneration {!q, unknown}
 t - a potion of cancellation {!q, unknown}
 u - 2 potions of brilliance {!q, unknown}
 v - 2 potions of flight {!q, unknown}
 z - a potion of ambrosia {!q, unknown}


   Skills:
 + Level 3.6 Dodging
 - Level 2.0 Stealth
 - Level 5.0 Spellcasting
 - Level 8.7 Conjurations
 - Level 3.0 Invocations
 - Level 5.0 Evocations


You had 10 spell levels left.
You knew the following spells:

 Your Spells              Type           Power        Failure   Level
a - Magic Dart            Conj           ####         1%          1
b - Searing Ray           Conj           #####.       1%          2
e - Fulminant Prism       Conj/Hex       ###.......   17%         4

Your spell library contained the following spells:

 Spells                   Type           Power        Failure   Level
 Dazzling Flash           Conj/Hex       ###...       4%          3
 Iskenderun's Mystic Bla  Conj/Tloc      ###.....     17%         4


Dungeon Overview and Level Annotations

Branches:
Dungeon (6/15)             Temple (1/1) D:5

Altars:
Ashenzari
Cheibriados
Dithmenos
Fedhas
Gozag
Hepliaklqana
Kikubaaqudgha
Okawaru
Qazlal
Ru
Sif Muna
Trog
Uskayaw
Wu Jian
Xom
Yredelemnul
Zin
The Shining One


Innate Abilities, Weirdness & Mutations

((You have a beak for a mouth.))
((You have claws for feet.))
You can fly continuously.


Message History

You conjure a prism of explosive energy!
A fulminant prism comes into view.
The orc warrior throws a stone.
The stone hits your fulminant prism!
Your fulminant prism detonates feebly.
The orc priest calls upon Beogh to heal the orc warrior.
The orc warrior is healed somewhat.
Unknown command.
Casting: Fulminant Prism (dangerous; 17% risk of failure)
Confirm with . or Enter, or press ? or * to list all spells.
You don't have enough magic to cast that spell.
Casting: Fulminant Prism (dangerous; 17% risk of failure)
Confirm with . or Enter, or press ? or * to list all spells.
Aiming: Magic Dart (safe; 1% risk of failure)
Press: ? - help, Shift-Dir - straight line, f - orc warrior
Aim: an orc warrior, wielding a +0 long sword, wearing a +0 plate armour, quivering 6 stones and carrying a wand of disintegration (11) (heavily wounded, 0% to evade)
The magic dart hits the orc warrior but does no damage.
The orc warrior is heavily wounded.
The orc warrior zaps a wand.
You are blasted!
You die...

#.# #..##.. #...# #.# #..##.#
#..## #.# #..##.# #.# #.#
#..##.# #.### #.# #..##.#
#..## . #.# #..##.####....
.##########.###.............
.......o...>.....##.####.#..
.###..#.####♣###.............
.....|..o.(..(....(..####.#.#
.≈≈...⌠.o.##.....########.#.#
[≈≈≈≈...#)##.........[....#.#
.≈≈≈≈≈o##.##.....#####...##.#
.o≈≈≈≈. #.##.....#####...##.#
..≈.≈.. #.####..............#
....≈.. #.# #.#.###.........
⌠....≈_ #.# #.#.# #.....)..#


You could see an orc warrior, an orc priest and 2 orcs.

Vanquished Creatures
  Duvessa (D:5)
  A black bear (D:6)
  2 ogres (D:4)
  2 phantoms
  A centaur (D:5)
  A scorpion (D:4)
  Dowan (D:5)
  2 howler monkeys (D:4)
  A hound (D:6)
  An orc priest (D:3)
  An orc wizard (D:3)
  Jessica (D:2)
  2 iguanas (D:6)
  5 worker ants
  8 adders
  A white imp (D:4)
  An adder skeleton (D:4)
  5 worms
  3 dart slugs
  7 leopard geckos
  5 orcs
  3 bats
  6 giant cockroaches
  A goblin (D:1)
  2 hobgoblins (D:1)
  6 jackals
  3 quokkas
  9 frilled lizards
  9 kobolds
  A leopard gecko skeleton (D:5)
  9 rats
101 creatures vanquished.

Vanquished Creatures (others)
  3 fulminant prisms (D:6)
3 creatures vanquished.

Grand Total: 104 creatures vanquished

Notes
Turn   | Place    | Note
-------+----------+-------------------------------------------
     0 | D:1      | sahdkjhfkaj the Tengu Conjurer began the quest for the Orb.
     0 | D:1      | Reached XP level 1. HP: 10/10 MP: 4/4
   223 | D:1      | Reached XP level 2. HP: 15/15 MP: 4/6
   282 | D:1      | Reached skill level 6 in Conjurations
   670 | D:1      | Reached XP level 3. HP: 19/19 MP: 5/7
  1021 | D:2      | Noticed Jessica
  1026 | D:1      | Learned a level 2 spell: Searing Ray
  1269 | D:1      | Reached skill level 7 in Conjurations
  1345 | D:2      | Killed Jessica
  1346 | D:2      | Reached XP level 4. HP: 16/24 MP: 1/9
  1441 | D:2      | Learned a level 4 spell: Fulminant Prism
  1645 | D:2      | Found a faded altar of an unknown god.
  2038 | D:2      | Found a shimmering blue altar of Sif Muna.
  2050 | D:2      | Gained mutation: You can fly continuously. [Tengu growth]
  2050 | D:2      | Reached XP level 5. HP: 23/28 MP: 3/11
  2170 | D:2      | Found a basalt altar of Yredelemnul.
  2275 | D:2      | Found a shimmering altar of Xom.
  2277 | D:2      | Found a broken altar of Ashenzari.
  2841 | D:3      | Reached XP level 6. HP: 32/32 MP: 10/14
  3375 | D:4      | Found an ornate altar of the Wu Jian Council.
  3442 | D:4      | Reached skill level 5 in Spellcasting
  3565 | D:4      | Noticed a phantom
  3579 | D:4      | Reached skill level 1 in Evocations
  3660 | D:4      | Killed a phantom
  3889 | D:4      | Reached skill level 1 in Invocations
  3889 | D:4      | Reached XP level 7. HP: 36/36 MP: 8/15
  4094 | D:5      | Entered Level 5 of the Dungeon
  4257 | D:5      | Reached skill level 8 in Conjurations
  4291 | D:5      | Found a staircase to the Ecumenical Temple.
  4291 | D:5      | Noticed Dowan
  4378 | D:5      | Noticed Duvessa
  4609 | D:5      | Killed Dowan
  4738 | D:5      | Reached XP level 8. HP: 41/41 MP: 11/16
  4747 | Temple   | Entered the Ecumenical Temple
  4975 | Temple   | Became a worshipper of Cheibriados the Contemplative
  5024 | D:5      | Killed Duvessa
  5119 | D:5      | Found a stormy altar of Qazlal.
  5170 | D:5      | Reached skill level 5 in Evocations
  6133 | D:6      | Found an ancient bone altar of Kikubaaqudgha.
  6544 | D:6      | Blown up by an orc warrior

Illustrated notes

Levels and vault maps discovered:
D:1:      onia_arrival_pentagram, layout_loops_ring
D:2:      layout_rooms, minitemple, chequers_ecumenical_altar_simple_redux,
          uniq_jessica
D:3:      layout_loops_ring, kennysheep_generic_room_14
D:4:      layout_rooms, kennysheep_mini_moat
D:5:      layout_rooms, grunt_qazlal_clouds, minmay_temple_entry_ruins,
          uniq_duvessa
D:6:      layout_loops_ring, kiku_gazebo_pond_becter, gup_sewer_entry_bubbles,
          palyth_stone_intersect
Temple:   minmay_temple_curvy_loop

Skill      XL: |  1  2  3  4  5  6  7  8 |
---------------+-------------------------+-----
Conjurations   | 6 7 8 |  8.7
Spellcasting   | 3 4 5 |  5.0
Evocations     | 3 4 5 |  5.0
Invocations    | 1 3 |  3.0
Dodging        | 3 |  3.6
Stealth        | |  2.0

Action                   |  1- 3 |  4- 6 |  7- 9 || total
-------------------------+-------+-------+-------++-------
Melee: Unarmed           |       |     1 |       ||     1
 Cast: Magic Dart        |    55 |   122 |   111 ||   288
       Searing Ray       |     2 |     5 |     6 ||    13
       Fulminant Prism   |       |       |     3 ||     3
 Abil: Fly               |       |       |     1 ||     1
       Stop Flying       |       |       |     1 ||     1
  Use: Scroll            |     2 |     8 |     7 ||    17
       Potion            |       |       |     1 ||     1
Armor: Robe              |       |     3 |     5 ||     8
       Skin              |       |       |     2 ||     2
Dodge: Dodged            |    16 |     5 |    35 ||    56

Table legend: (Time is in decaauts)
 A = Elapsed time spent in this place.
 B = Non-inter-level travel time spent in this place.
 C = Inter-level travel time spent in this place.
 D = Time resting spent in this place.
 E = Time spent auto-exploring this place.
 F = Levels seen in this place.
 G = Mean time per level.
                   A        B        C        D        E       F      G
               +--------+--------+--------+--------+--------+-----+--------+
         Total |   6661 |   6421 |    240 |   1650 |   3979 |   7 |  951.6 |
       Dungeon |   6399 |   6199 |    200 |   1631 |   3780 |   6 | 1066.5 |
        Temple |    261 |    222 |     39 |     19 |    199 |   1 |  261.0 |
               +--------+--------+--------+--------+--------+-----+--------+

Top non-repeatable levels by time:
     D:1: 1336 daAuts
     D:5: 1294 daAuts
     D:4: 1098 daAuts
     D:2: 1003 daAuts
     D:3: 966 daAuts
     D:6: 700 daAuts
  Temple: 261 daAuts
